Map: Jagannatha LE

Players

pezzaperry (Pezz)

  • Race: Protoss Protoss
  • League: Grandmaster
  • Spawn Location: 1:00

RazerBlader - Winner!

  • Race: Terran Terran
  • League: Master
  • Spawn Location: 7:00

Event: DreamHack SC2 Masters 2020 Winter

VOD

Have the link to the VOD?

Description

Time

  • Played on: Oct. 10, 2020, 9:40 p.m.
  • Length: 11:04

All games in this series

Show
View Real Time Build Order
Export as new Build Order

pezzaperry Protoss 

Build Orders: 1 Gate Expand, Oracle Opening 

Get SALT Encoding   

  12  0:00  Probe  
  13  0:12  Probe  
  14  0:17  Pylon  
  14  0:24  Probe  
  15  0:35  Gateway  
  15  0:36  Probe (Chrono Boost)  
  16  0:46  Assimilator  
  16  0:47  Probe (Chrono Boost)  
  17  0:51  Probe (Chrono Boost)  
  18  1:03  Probe  
  19  1:15  Probe  
  20  1:25  Nexus  
  20  1:34  Cybernetics Core  
  20  1:37  Probe  
  21  1:41  Assimilator  
  21  1:49  Probe  
  21  1:52  Pylon  
  22  2:02  Probe  
  22  2:08  Adept (Chrono Boost)  
  23  2:14  Probe  
  26  2:17  Stargate  
  26  2:26  Probe  
  26  2:28  Adept (Chrono Boost)  
  27  2:37  Probe  
  30  2:41  Probe  
  31  2:44  Shield Battery  
  31  2:51  Probe  
  32  2:53  Probe  
  32  2:56  Adept  
  35  3:02  Oracle (Chrono Boost)  
  35  3:03  Probe  
  39  3:08  Probe  
  40  3:17  Probe  
  41  3:20  Probe  
  42  3:32  Probe  
  42  3:34  Oracle (Chrono Boost)  
  44  3:37  Pylon  
  46  3:45  Gateway, Warp Gate  
  46  3:55  Probe x2  
  48  4:05  Phoenix (Chrono Boost)  
  48  4:07  Probe  
  48  4:08  Probe  
  52  4:12  Assimilator, Twilight Council  
  52  4:14  Pylon  
  52  4:19  Probe  
  52  4:20  Probe  
  54  4:28  Nexus  
  54  4:32  Probe x2  
  56  4:41  Gateway  
  56  4:42  Charge (Chrono Boost)  
  56  4:45  Gateway  
  56  4:46  Gateway  
  56  5:02  Probe x2  
  56  5:04  Pylon  
  56  5:05  Phoenix (Chrono Boost)  
  60  5:07  Pylon  
  60  5:17  Probe  
  60  5:18  Probe  
  62  5:22  Phoenix  
  64  5:29  Probe  
  64  5:30  Probe  
  64  5:33  Pylon  
  66  5:41  Probe  
  67  5:46  Phoenix (Chrono Boost), Probe x2  
  67  5:47  Zealot x5  
  78  6:00  Probe (Chrono Boost)  
  78  6:03  Pylon  
  78  6:04  Probe x2 (Chrono Boost)  
  81  6:06  Robotics Facility  
  81  6:08  Phoenix  
  81  6:10  Templar Archives  
  84  6:11  Probe (Chrono Boost)  
  84  6:15  Probe (Chrono Boost)  
  84  6:16  Probe (Chrono Boost)  
  84  6:17  Probe (Chrono Boost)  
  86  6:24  Zealot x5  
  97  6:33  Phoenix  
  97  6:35  Probe x3  
  97  6:36  Pylon  
  97  6:39  Gateway  
  102  6:46  Gateway  
  102  6:54  Zealot x4  
  102  6:55  Zealot  
  102  6:57  Observer  
  102  6:58  Phoenix  
  102  7:01  Pylon  
  115  7:04  Forge  
  115  7:07  Assimilator, Probe x2  
  115  7:08  Assimilator  
  117  7:21  Pylon  
  115  7:23  Pylon  
  115  7:27  Zealot x5  
  125  7:36  Protoss Ground Armor Level 1 (Chrono Boost)  
  125  7:39  Probe x2  
  125  7:43  Robotics Bay  
  127  7:45  Robotics Facility, Probe  
  128  8:04  Probe x2  
  110  8:06  High Templar x2  
  110  8:07  Zealot x5  
  110  8:08  Probe  
  122  8:13  Pylon  
  122  8:14  Pylon  
  122  8:15  Archon  
  122  8:16  Probe  
  122  8:17  Pylon  
  122  8:18  Immortal (Chrono Boost)  
  127  8:21  Probe x2  
  129  8:28  Probe  
  129  8:30  High Templar x2  
  129  8:33  Probe  
  135  8:35  Disruptor (Chrono Boost)  
  135  8:36  Pylon  
  135  8:37  Archon  
  138  8:46  Assimilator, Nexus  
  138  8:47  Pylon  
  141  8:49  Disruptor (Chrono Boost)  
  139  8:57  Disruptor (Chrono Boost), Zealot x3  
  139  8:58  Zealot x2  
  148  9:12  Disruptor (Chrono Boost)  
  120  9:20  Zealot x3  
  120  9:21  Zealot x4  
  84  9:40  Zealot  
  84  9:41  Zealot x6  
  84  9:43  Disruptor (Chrono Boost)  
  94  9:50  Disruptor (Chrono Boost)  
  92  10:01  Zealot x4  
  92  10:02  Zealot x3  
  92  10:05  Disruptor (Chrono Boost)  
  94  10:17  Observer (Chrono Boost)  
  95  10:26  Stalker  
  95  10:27  Stalker x4  
Show
View Real Time Build Order
Export as new Build Order

RazerBlader Terran - Winner!

Build Orders: Reaper Expand 

Get SALT Encoding   

  12  0:00  SCV  
  13  0:12  SCV  
  14  0:17  Supply Depot  
  14  0:24  SCV  
  15  0:39  SCV  
  15  0:40  Barracks  
  16  0:44  Refinery  
  16  0:51  SCV  
  17  1:03  SCV  
  18  1:15  SCV  
  19  1:29  Orbital Command, Reaper  
  20  1:48  Command Center  
  20  1:55  SCV  
  21  2:01  Marine  
  21  2:02  Supply Depot  
  22  2:10  Bunker  
  22  2:12  SCV  
  23  2:20  Factory  
  23  2:23  Barracks Reactor  
  23  2:25  SCV  
  24  2:32  Refinery  
  24  2:38  SCV  
  25  2:50  SCV  
  26  3:01  Marine  
  26  3:02  Marine, SCV  
  26  3:05  Starport  
  29  3:06  Widow Mine, Orbital Command  
  31  3:14  SCV  
  31  3:19  Marine x2  
  32  3:26  SCV  
  34  3:28  Factory Tech Lab  
  34  3:33  SCV  
  35  3:38  SCV  
  35  3:39  Marine x2  
  38  3:43  Supply Depot  
  38  3:45  SCV, Viking  
  38  3:48  Cyclone  
  44  3:53  SCV  
  45  3:56  Supply Depot  
  45  3:59  Marine  
  46  4:04  Marine  
  46  4:05  SCV  
  46  4:06  SCV  
  49  4:15  Supply Depot, Viking  
  51  4:17  SCV  
  51  4:20  Cyclone  
  56  4:24  SCV  
  56  4:29  SCV  
  57  4:32  Marine x2  
  57  4:35  Supply Depot  
  57  4:37  SCV  
  60  4:45  Command Center  
  60  4:49  Viking  
  60  4:52  Siege Tank, SCV  
  66  4:57  SCV  
  66  4:58  Marine  
  66  4:59  Marine  
  67  5:05  SCV  
  67  5:06  Supply Depot  
  69  5:09  SCV  
  70  5:15  Barracks  
  70  5:17  SCV  
  70  5:18  Marine x2  
  70  5:19  Barracks  
  70  5:20  Starport Tech Lab  
  73  5:21  SCV  
  74  5:33  SCV  
  75  5:36  Marine x2  
  75  5:39  Engineering Bay  
  75  5:40  Refinery  
  75  5:41  Refinery  
  75  5:42  Factory Reactor  
  77  5:45  Engineering Bay  
  77  5:49  SCV x2  
  79  5:54  Marine x2, Supply Depot  
  79  5:55  Starport Reactor  
  81  5:58  Orbital Command  
  81  6:01  SCV x2  
  83  6:12  Terran Infantry Armor Level 1, Terran Infantry Weapons Level 1  
  83  6:13  SCV  
  83  6:14  SCV  
  85  6:20  Marauder, Stimpack  
  85  6:22  Marine x2  
  85  6:23  Widow Mine x2  
  85  6:25  SCV  
  94  6:29  SCV  
  94  6:32  Supply Depot x2, Marauder  
  96  6:33  Combat Shield  
  96  6:37  SCV  
  96  6:39  Orbital Command  
  97  6:45  Supply Depot  
  97  6:46  Marine  
  97  6:47  Marauder  
  97  6:51  Medivac x2  
  97  6:52  Widow Mine x2  
  106  6:54  SCV  
  106  6:57  SCV  
  106  6:58  Marine x2  
  110  7:06  SCV  
  111  7:09  SCV  
  111  7:11  Marine, Barracks x2  
  111  7:12  Marauder  
  115  7:20  Supply Depot  
  115  7:26  Marine, Marauder  
  115  7:27  Widow Mine x2  
  122  7:30  Armory, Supply Depot  
  122  7:31  Medivac  
  122  7:32  Medivac  
  122  7:34  SCV  
  122  7:35  SCV  
  128  7:38  Marine  
  128  7:39  Marauder  
  128  7:44  Armory  
  131  7:45  SCV  
  131  7:46  Marine  
  131  7:47  SCV  
  134  7:52  Widow Mine  
  134  7:56  Widow Mine, Missile Turret x2  
  135  8:01  Marine  
  135  8:02  Marauder  
  122  8:07  Marine  
  122  8:08  Marauder  
  126  8:13  Medivac  
  126  8:14  Widow Mine  
  126  8:16  SCV x2  
  132  8:20  Marine  
  132  8:22  Barracks Tech Lab, Barracks Reactor  
  132  8:23  Terran Infantry Weapons Level 2  
  132  8:26  SCV  
  132  8:28  Marine x2, SCV  
  132  8:29  Marauder  
  132  8:33  SCV  
  138  8:37  Terran Infantry Armor Level 2  
  138  8:38  Marine  
  138  8:39  SCV  
  140  8:41  Marine  
  140  8:42  Supply Depot  
  140  8:45  Marine  
  140  8:46  Marine, Medivac  
  145  8:51  Marine  
  146  8:56  Marine  
  146  8:59  Marauder  
  146  9:01  Ghost Academy  
  149  9:03  Marine  
  149  9:04  Marauder  
  149  9:09  Marauder  
  153  9:10  Marine  
  153  9:13  Marine  
  126  9:19  Marine  
  126  9:21  Marauder, Marine  
  126  9:24  Medivac  
  127  9:25  Marauder, SCV  
  127  9:28  Marine  
  127  9:30  SCV  
  127  9:31  Marauder  
  118  9:34  Marine  
  118  9:36  SCV  
  118  9:37  Marine  
  116  9:42  SCV, Marauder  
  119  9:47  Marauder, Medivac  
  119  9:49  Marine x2  
  119  9:51  SCV  
  119  9:52  Marauder  
  122  9:54  Marine  
  122  9:59  Refinery  
  113  10:00  Command Center  
  113  10:01  Marine, Refinery  
  113  10:04  Marauder  
  116  10:08  Marauder  
  116  10:09  Marine  
  116  10:10  Marine  
  116  10:12  Marine  
  116  10:13  Marauder  
  114  10:19  Marine  
  113  10:25  Marauder  
  113  10:27  Marine  
  115  10:28  Marine  
  115  10:29  Marauder  
  115  10:30  Marine, Medivac x2  
  115  10:35  Marauder  
  125  10:36  Marine  
  125  10:40  SCV x3  
  129  10:45  Marine  
Tags
 
Add a new tag
Caveats
  • Supply blocks, unpowered buildings, or Contaminate may cause inaccurate times.
  • Supply counts are checked every 10 seconds.